 Dungeon Crawl Stone Soup version 0.30-b1-2-g02819fbbbe (webtiles) character file.

Game seed: 2993705619123055304

6009 Mesmaeker13 the Poker (level 10, 0/74 HPs)
             Began as a Demigod Reaver on July 15, 2023.
             Slain by a meliai
             ... wielding a +0 war axe
              (3 damage)
             ... on level 12 of the Dungeon.
             The game lasted 00:30:24 (12695 turns).

Mesmaeker13 the Poker (Demigod Reaver)             Turns: 12695, Time: 00:30:25

Health: 0/74       AC:  7    Str: 21    XL:     10   Next: 31%
Magic:  0/17       EV: 11    Int: 19    God:
Gold:   476        SH:  0    Dex: 12    Spells: 8/15 levels left

rFire   . . .        J - +0 spear (freeze)
rCold   . . .        (no shield)
rNeg    . . .        A - +0 ring mail "Voedeudu" {Stlth+}
rPois   +            (no helmet)
rElec   .            F - +0 cloak
rCorr   .            (no gloves)
SInv    .            (no boots)
Will    +....        B - amulet of guardian spirit
Stlth   ++           e - ring of poison resistance
HPRegen 0.32/turn    G - ring of wizardry
MPRegen 0.15/turn

%: guardian spirit, wizardry (x1)
@: no status effects
A: high MP 1, forlorn, divine attributes
a: no special abilities


You were on level 12 of the Dungeon.
You visited 1 branch of the dungeon, and saw 10 of its levels.

You collected 476 gold pieces.

Inventory:

Hand Weapons
 k - a +3 long sword of freezing
 o - a +2 scimitar of freezing
 s - a +2 whip of venom
 w - a +0 trident
 J - a +0 spear of freezing (weapon)
Missiles
 h - 2 silver boomerangs
 z - 6 boomerangs (quivered)
 N - 7 poisoned darts
Armour
 g - a +0 kite shield
 t - a +0 ring mail
 A - the +0 ring mail "Voedeudu" (worn) {Stlth+}
   (You found it on level 4 of the Dungeon)

   Stlth:     It makes you more stealthy.
 F - a +0 cloak (worn)
 M - a +2 leather armour of positive energy
Jewellery
 e - a ring of poison resistance (left hand)
 n - an amulet of magic regeneration
 r - a ring of resist corrosion
 B - an amulet of guardian spirit (around neck)
 G - a ring of wizardry (right hand)
Scrolls
 a - 2 scrolls of vulnerability
 c - a scroll of noise
 d - a scroll of summoning {unknown}
 i - 3 scrolls of magic mapping
 p - 3 scrolls of poison
 q - a scroll of fear {unknown}
 v - 3 scrolls of immolation
 H - 3 scrolls of amnesia
 K - a scroll of enchant weapon {unknown}
Potions
 b - a potion of curing
 j - 2 potions of magic {unknown}
 l - 3 potions of haste
 m - a potion of degeneration {unknown}
 u - 2 potions of lignification {unknown}
 x - a potion of brilliance {unknown}
 C - a potion of attraction {unknown}
 D - a potion of might {unknown}
 E - 3 potions of flight
 I - a potion of mutation {unknown}
 L - 2 potions of ambrosia {unknown}


   Skills:
 - Level 2.6 Fighting
 - Level 2.6 Long Blades
 + Level 6.8 Polearms
 + Level 6.6 Armour
 - Level 3.0 Dodging
 - Level 3.0 Spellcasting
 - Level 4.0 Conjurations
 + Level 6.5 Summonings
 - Level 2.2 Necromancy
 + Level 6.5 Earth Magic


You had 8 spell levels left.
You knew the following spells:

 Your Spells              Type           Power      Damage    Failure   Level
a - Kiss of Death         Conj/Necr      56%        2d9       2%          1
b - Animate Armour        Summ/Erth      54%        N/A       6%          4
c - Passwall              Tmut/Erth      12%        N/A       4%          2

Your spell library contained the following spells:

 Spells                   Type           Power      Damage    Failure   Level
 Sandblast                Erth           54%        2d13      1%          1
 Call Canine Familiar     Summ           27%        N/A       1%          3
 Stone Arrow              Conj/Erth      44%        3d9       3%          3
 Momentum Strike          Conj/Tloc      20%        3d8       6%          2
 Sting                    Tmut/Pois      8%         1d3       10%         1
 Hailstorm                Conj/Ice       10%        3d5       12%         3
 Poisonous Vapours        Pois/Air       4%         N/A       14%         2
 Leda's Liquefaction      Hex/Erth       7%         N/A       24%         4
 Portal Projectile        Hex/Tloc       4%         N/A       26%         3
 Tukima's Dance           Hex            2%         N/A       26%         3
 Olgreb's Toxic Radiance  Pois           2%         N/A       65%         4
 Passage of Golubria      Tloc           2%         N/A       65%         4
 Yara's Violent Unravell  Hex/Tmut       1%         3d3       92%         5
 Lehudib's Crystal Spear  Conj/Erth      11%        10d4      100%        8


Dungeon Overview and Level Annotations

Branches:
Dungeon (9/15)             Temple (0/1) D:5
   Lair: D:8-11         Orc: D:9-12

Shops:
D:1 ([((   D:5 *

Annotations:
D:8 Erica


Innate Abilities, Weirdness & Mutations

You have an increased reservoir of magic. (+10% MP)
You shall have no god before yourself.
Your divine heritage dramatically boosts your attributes as you level up.


Message History

The meliai stings you.
The meliai calls down the wrath of its god upon you.
Something smites you!
Unknown command.
The meliai hits you with a +0 hand axe.
The meliai stings you but does no damage.
The meliai barely misses you. The meliai closely misses you.
The meliai hits you with a +0 hand axe! The meliai barely misses you.
The meliai hits you with a +0 war axe.
The meliai stings you but does no damage.
The meliai attacks as you move away! The meliai closely misses you.
The meliai barely misses you. The meliai hits you with a +0 hand axe.
The meliai closely misses you.
The meliai mumbles some strange prayers to its god against you.
Something smites you! The meliai closely misses you. x2
Your surroundings seem slightly different.
The meliai invokes the aid of its god against you.
Something smites you!
* * * LOW HITPOINT WARNING * * *
As you read the scroll labelled JEELES LIASULA, it crumbles to dust.
You hear a loud clanging noise!
It was a scroll of noise.
The meliai barely misses you. The meliai stings you.
* * * LOW HITPOINT WARNING * * *
The meliai closely misses you. x2; The meliai hits you but does no damage.
The meliai closely misses you. The meliai hits you with a +0 war axe!
* * * LOW HITPOINT WARNING * * *
The meliai stings you.
* * * LOW HITPOINT WARNING * * *
The meliai hits you with a +0 hand axe!
* * * LOW HITPOINT WARNING * * *
The meliai stings you but does no damage.
Okay, then.
You feel better. The meliai barely misses you. The meliai misses you.
The meliai hits you but does no damage. The meliai stings you.
* * * LOW HITPOINT WARNING * * *
The meliai hits you with a +0 war axe.
* * * LOW HITPOINT WARNING * * *
The meliai barely misses you. The meliai closely misses you. x2
The meliai hits you with a +0 war axe.
You die...

*,,,*,,,,,,,,,....#######**,,,*,,
*****,,,,,,,,,,...#......,,,,,*,,
,,,,,,,,,,,,,###'##.....,^,,,,*,,
,,,,,,,,,,,,,#..........,,,,,,*,,
>,,,,,,,,,,,,#.....####***,,,,*,,
,,,,,,,,,,,,,#.....# *,,,,*,,
,,,*******,,,##....# *,,,,*,,
,,,*,,,,,+,,,,#.yy.# *,,,,*,,
^,,*,,,,,*,,,,#.@y.# *,,,,*,,
,,,*,,,,,*,,,,#....#******,,,,*,,
,,,*,,,,,*,,,,#.......,,>,,,,**,,
,,,****+**,,,,#.........,,,,,*,,,
,,,,,,,,,,,,,,#.........,,,,,*,,,
,,,,,,,,,,,,,,#.........,,,,,*,,,
,,,,,,,,,,,,,,##########******,,,
,,,,,,,,,,,,,,,,,,,,,,,,,,,,,,,,,
,,,,,,,,,,****,,,<,,,,,,,,,,,,,,,


You could see 3 meliai.

Vanquished Creatures
  A two-headed ogre (D:9)
  3 yaks (D:9)
  A shadow (D:9)
  A nameless horror (D:8)
  2 sky beasts (D:6)
  A black bear (D:6)
  A centaur (D:9)
  A phantom (D:4)
  A kobold brigand (D:7)
  A scorpion (D:5)
  2 bullfrogs
  Dowan (D:7)
  A howler monkey (D:9)
  4 jellies
  3 orc priests
  Crazy Yiuf (D:3)
  5 hounds
  A gnoll bouda (D:6)
  2 sleepcaps (D:6)
  Terence (D:3)
  Jessica (D:3)
  5 iguanas
  7 orc wizards
  15 gnolls
  8 adders
  A white imp (D:6)
  3 ufetubi
  2 worms
  A dart slug (D:3)
  19 orcs
  5 bats
  12 endoplasms
  4 giant cockroaches
  4 goblins
  7 hobgoblins
  2 jackals (D:2)
  4 quokkas
  6 ball pythons
  4 frilled lizards
  A goblin zombie (D:6)
  2 hobgoblin zombies (D:6)
  14 kobolds
  2 kobold zombies (D:6)
  2 orc skeletons (D:6)
  An orc zombie (D:6)
  4 rats
170 creatures vanquished.

Vanquished Creatures (collateral kills)
  Joseph (D:7)
  A troll (D:9)
  10 yaks (D:9)
  A steam dragon (D:7)
  Duvessa (D:7)
  A nameless horror (D:7)
  2 orc warriors (D:7)
  A gnoll sergeant (D:8)
  5 wights
  2 killer bees (D:8)
  A gnoll bouda (D:9)
  6 gnolls
  An orc (D:7)
33 creatures vanquished.

Vanquished Creatures (others)
  A gnoll sergeant (D:8)
  2 killer bees (D:8)
3 creatures vanquished.

Grand Total: 206 creatures vanquished

Notes
Turn   | Place    | Note
-------+----------+-------------------------------------------
     0 | D:1      | Mesmaeker13 the Demigod Reaver began the quest for the Orb.
     0 | D:1      | Reached XP level 1. HP: 17/17 MP: 5/5
   332 | D:1      | Reached XP level 2. HP: 24/24 MP: 7/7
   407 | D:1      | Found Pomeus's Weapon Boutique.
   439 | D:1      | Found Jodak's Armour Emporium.
   453 | D:1      | Found Itecwis's Weapon Shoppe.
   458 | D:1      | Found Dexu's Antique Weapon Boutique.
  1297 | D:2      | Reached XP level 3. HP: 21/24 MP: 8/8
  2703 | D:3      | Noticed Terence
  2739 | D:2      | Reached XP level 4. HP: 34/37 MP: 10/10
  2832 | D:3      | Reached skill level 1 in Necromancy
  2938 | D:3      | Killed Terence
  3467 | D:3      | Found a runed translucent door.
  3468 | D:3      | Noticed Crazy Yiuf
  3586 | D:3      | Noticed Jessica
  3589 | D:3      | Killed Jessica
  3590 | D:3      | Reached XP level 5. HP: 34/42 MP: 11/11
  4295 | D:4      | Reached skill level 1 in Polearms
  4568 | D:4      | Reached XP level 6. HP: 47/50 MP: 13/13
  4882 | D:4      | Learned a level 4 spell: Animate Armour
  4894 | D:4      | Identified the +0 ring mail "Voedeudu" {Stlth+}
  5326 | D:5      | Entered Level 5 of the Dungeon
  5327 | D:5      | Found Ciekhu Qege's Assorted Antiques.
  5376 | D:5      | Reached skill level 1 in Armour
  5573 | D:5      | Reached skill level 1 in Summonings
  5573 | D:5      | Reached skill level 1 in Earth Magic
  5745 | D:5      | Reached XP level 7. HP: 56/56 MP: 14/14
  5934 | D:5      | Found a staircase to the Ecumenical Temple.
  6338 | D:3      | Killed Crazy Yiuf
  7760 | D:6      | Reached XP level 8. HP: 46/62 MP: 12/15
  8036 | D:6      | Learned a level 2 spell: Passwall
  8532 | D:7      | Noticed Joseph
  9377 | D:7      | Noticed Duvessa
  9380 | D:7      | Noticed Dowan
  9427 | D:7      | Killed Duvessa
  9440 | D:7      | Killed Dowan
 10388 | D:7      | Killed Joseph
 10389 | D:7      | Reached skill level 5 in Polearms
 10389 | D:7      | Reached XP level 9. HP: 33/68 MP: 7/16
 11275 | D:8      | Reached skill level 5 in Armour
 11379 | D:8      | Reached skill level 5 in Earth Magic
 11427 | D:8      | Reached skill level 5 in Summonings
 11460 | D:8      | Noticed Erica
 12055 | D:9      | Noticed a two-headed ogre
 12487 | D:9      | Reached XP level 10. HP: 74/74 MP: 13/17
 12523 | D:9      | Killed a two-headed ogre
 12686 | D:9      | You fall into a shaft and drop 3 floors!
 12694 | D:12     | HP: 1/74 [meliai/+0 hand axe (6)]
 12695 | D:12     | Slain by a meliai

Illustrated notes

Levels and vault maps discovered:
D:1:      saegor_arrival_miasma, layout_loops_ring, serial_shops, shop,
          nicolae_shop_tiny_waterfront, nicolae_shop_tiny_waterfront, shop,
          serial_co_window_serial, co_window_corner_a, co_window_paths_a,
          co_window_corner_a, co_window_paths_b, co_window_cross_1,
          co_window_paths_b, co_window_of_opportunity_a, co_window_broadway_b,
          co_window_corner_b, co_window_broadway_c, co_window_2corner,
          co_window_2corner, co_window_corner_cb, glass_columns_a,
          glass_columns_c, glass_columns_c, glass_columns_c,
          chequers_ecumenical_altar_twisty
D:2:      layout_basic, kennysheep_generic_room_14
D:3:      layout_basic, elyvilon_altar_3, uniq_jessica, uniq_crazy_yiuf_cottage,
          uniq_terence
D:4:      kennysheep_big_flooded_room, layout_loops_ring
D:5:      layout_basic, mainiacjoe_overflow_catwalk, grunt_temple_overflow_open,
          minmay_temple_entry_overgrown, serial_shops, shop,
          cheibrodos_gnoll_hut
D:6:      layout_basic, pdpol_wu_jian_five_deadly_venoms,
          nicolae_tso_besieged_by_evil
D:7:      layout_basic, nicolae_sif_muna_condensation, uniq_joseph, uniq_duvessa
D:8:      layout_loops_ring, nicolae_overflow_hidden_temple,
          fedhas_ov_isle_minmay, uniq_erica
D:9:      layout_stronghold
D:12:     layout_irregular_city

Skill      XL: |  1  2  3  4  5  6  7  8  9 |
---------------+----------------------------+-----
Dodging        | 2 3 |  3.0
Fighting       | 2 |  2.6
Spellcasting   | 2 3 |  3.0
Conjurations   | 3 4 |  4.0
Necromancy     | 1 2 |  2.2
Polearms       | 1 2 3 5 6 |  6.8
Armour         | 1 3 4 6 |  6.6
Summonings     | 1 2 4 6 |  6.5
Earth Magic    | 1 2 4 6 |  6.5
Long Blades    | |  2.6

Action                     |  1- 3 |  4- 6 |  7- 9 | 10-12 || total
---------------------------+-------+-------+-------+-------++-------
  Melee: Falchion          |    54 |       |       |       ||    54
         Long sword        |    53 |       |       |       ||    53
         Dagger            |    66 |   187 |   332 |       ||   585
         Punch             |     1 |     1 |     5 |       ||     7
         Trident           |       |       |   115 |       ||   115
         Spear             |       |       |    85 |    20 ||   105
  Throw: Boomerang         |       |     9 |    29 |       ||    38
   Cast: Kiss of Death     |     1 |     1 |     5 |       ||     7
         Animate Armour    |       |       |    27 |     2 ||    29
  Evoke: Wand              |       |       |    26 |       ||    26
    Use: Scroll            |       |     2 |     9 |     3 ||    14
         Potion            |       |       |     8 |     1 ||     9
   Stab: Sleeping          |       |       |     1 |       ||     1
 Armour: Leather armour    |    40 |    17 |       |       ||    57
         Ring mail         |       |    22 |   153 |     7 ||   182
  Dodge: Dodged            |   113 |    83 |   252 |    20 ||   468
